 Dungeon Crawl Stone Soup version 0.27-a0-1532-gca18f49f40 (webtiles) character file.

Game seed: 6952109922406724339

103 elagabalus the Poker (level 4, -4/33 HPs)
             Began as a Merfolk Gladiator on July 13, 2021.
             Slain by Sigmund (11 damage)
             ... on level 2 of the Dungeon.
             The game lasted 00:18:04 (1506 turns).

elagabalus the Poker (Merfolk Gladiator)            Turns: 1506, Time: 00:18:05

Health: -4/33      AC:  4    Str: 14    XL:     4   Next: 79%
Magic:  4/4        EV: 17    Int:  7    God:
Gold:   150        SH:  0    Dex: 16    Spells: 3/3 levels left

rFire    + . .     SeeInvis .   a - +0 trident
rCold    + . .     Faith    .   (no shield)
rNeg     . . .     Spirit   .   b - +0 leather armour
rPois    .         Reflect  .   c - +0 helmet
rElec    .         Harm     .   i - scarf {rC+ rF+}
rCorr    .         Rampage  .   (no gloves)
Will     .....                  (no boots)
Stlth    +.........             (no amulet)
HPRegen  0.11/turn              j - +4 ring of evasion
MPRegen  0.09/turn              (no ring)

@: confused
A: (nimble swimmer 2), mertail
a: no special abilities


You were on level 2 of the Dungeon.
You visited 1 branch of the dungeon, and saw 2 of its levels.

You collected 150 gold pieces.

Inventory:

Hand Weapons
 a - a +0 trident (weapon)
Missiles
 d - a throwing net (quivered)
 g - 21 stones
Armour
 b - a +0 leather armour (worn)
 c - a +0 helmet (worn)
 i - a scarf of resistance (worn)
Jewellery
 j - a +4 ring of evasion (left hand)
Scrolls
 h - 2 scrolls of identify {unknown}
Potions
 e - a potion of invisibility {unknown}


   Skills:
 - Level 2.1 Fighting
 * Level 7.8 Polearms
 - Level 2.0 Throwing
 - Level 4.0 Dodging


You had 3 spell levels left.
You didn't know any spells.
Your spell library was empty.

Dungeon Overview and Level Annotations

Branches:
Dungeon (2/15)

Altars:

Annotations:
D:2 Sigmund


Innate Abilities, Weirdness & Mutations

((You are quick and stealthy near water. (Stealth+, EV+, Speed+++)))
Your lower body shifts to a powerful aquatic tail in water.


Message History

Sigmund is severely wounded.
Sigmund points at you and mumbles some strange words.
You are confused.
Sigmund looks at you with fury.
Sigmund casts a spell.
Sigmund flickers and vanishes!
Deactivating autopickup; reactivate with Ctrl-A.
Autopickup is now on.
Something closely misses you.
You bump into the rock wall.
Something closely misses you. Something hits you.
Deactivating autopickup; reactivate with Ctrl-A.
You bump into the rock wall.
You feel less confused. Something misses you.
You hear some strange, mumbled words.
Something tries to affect you, but you resist.
Something tries to affect you, but you resist.
Autopickup is now on.
A puff of flame appears from out of thin air!
Deactivating autopickup; reactivate with Ctrl-A.
The puff of flame hits you. You resist.
You hear some strange, mumbled words.
Something tries to affect you, but you resist.
A magic dart appears from out of thin air!
The magic dart hits you.
Reach: a) +0 trident
Press: ? - help, Dir - move target, f - you
Okay, then.
Something hits you.
You miss something. Something hits you!
* * * LOW HITPOINT WARNING * * *
Okay, then.
Okay, then.
Something barely misses you.
You hear some strange, mumbled words.
You are confused.
You bump into the rock wall.
Something hits you!
You die...

##. #.. #.# ### #..
#.# #.. #.. #.# #.#
##. #.# #.# #. #.# #.#
... ####### #.# #.# ..
.... #.....# #.# #@#
.... ..##
#.....###.###{##......
#....................
#.....###.........>.#
# #...).#
########.#..## .. #
###.### #.....#... ##
#.## #.....'. _. #..##
#....## ## ######...##
#.....# #


There were no monsters in sight!

Vanquished Creatures
  Natasha (twice) (D:2)
  An adder (D:2)
  A worm (D:2)
  A dart slug (D:1)
  4 ball pythons
  2 bats (D:1)
  3 endoplasms (D:1)
  2 giant cockroaches (D:1)
  2 goblins (D:1)
  4 hobgoblins
  4 jackals
  4 quokkas (D:1)
  2 frilled lizards (D:1)
  A kobold (D:1)
  8 rats
41 creatures vanquished.

Vanquished Creatures (others)
  13 plants
  11 withered plants (D:2)
24 creatures vanquished.

Grand Total: 65 creatures vanquished

Notes
Turn   | Place    | Note
-------+----------+-------------------------------------------
     0 | D:1      | elagabalus the Merfolk Gladiator began the quest for the
                  | Orb.
     0 | D:1      | Reached XP level 1. HP: 16/16 MP: 1/1
    55 | D:1      | Reached skill level 5 in Polearms
   119 | D:1      | Reached XP level 2. HP: 19/22 MP: 2/2
   412 | D:1      | Reached skill level 6 in Polearms
   412 | D:1      | Reached XP level 3. HP: 26/27 MP: 3/3
   900 | D:2      | Noticed Natasha
   905 | D:2      | Killed Natasha
   923 | D:2      | Reached XP level 4. HP: 33/33 MP: 4/4
  1034 | D:2      | Reached skill level 7 in Polearms
  1153 | D:2      | Noticed Natasha
  1168 | D:2      | Killed Natasha
  1201 | D:2      | Found a faded altar of an unknown god.
  1476 | D:2      | Noticed Sigmund
  1506 | D:2      | Slain by Sigmund

Illustrated notes

Levels and vault maps discovered:
D:1:      eino_arrival_tree_alley, layout_basic, serial_forest,
          infiniplex_forest_end_double, infiniplex_forest_clump_curved,
          infiniplex_forest_clump_long, infiniplex_forest_end_3
D:2:      layout_loops_ring, shapermc_ecumenical_altar_flowoftime,
          corner_web_ring, minmay_box_of_dots, uniq_natasha, uniq_sigmund

Skill      XL: |  1  2  3  4 |
---------------+-------------+-----
Polearms       | 5 6 7 |  7.8
Fighting       | |  2.1
Throwing       | |  2.0
Dodging        | |  4.0

Action                   |  1- 3 |  4- 6 || total
-------------------------+-------+-------++-------
Melee: Trident           |    93 |    49 ||   142
Throw: Stone             |     2 |       ||     2
       Throwing net      |     1 |     2 ||     3
  Use: Scroll            |       |     2 ||     2
 Stab: Sleeping          |     1 |     3 ||     4
       Held in net/web   |       |     4 ||     4
Armor: Leather armour    |    11 |     3 ||    14
Dodge: Dodged            |    34 |    23 ||    57

Table legend: (Time is in decaauts)
 A = Elapsed time spent in this place.
 B = Non-inter-level travel time spent in this place.
 C = Inter-level travel time spent in this place.
 D = Time resting spent in this place.
 E = Time spent auto-exploring this place.
 F = Levels seen in this place.
 G = Mean time per level.
                   A        B        C        D        E       F      G
               +--------+--------+--------+--------+--------+-----+--------+
         Total |   1516 |    362 |   1154 |      0 |      0 |   2 |  758.0 |
       Dungeon |   1516 |    362 |   1154 |      0 |      0 |   2 |  758.0 |
               +--------+--------+--------+--------+--------+-----+--------+

Top non-repeatable levels by time:
     D:1: 901 daAuts
     D:2: 614 daAuts
